 Dungeon Crawl Stone Soup version 0.16-a0-139-gc9fe9b1 (webtiles) character file.

93 Ratboiler the Cudgeler (level 4, 0/41 HPs)
             Began as an Ogre Artificer on Aug 14, 2014.
             Succumbed to an adder's poison
             ... on Level 2 of the Dungeon.
             The game lasted 00:05:26 (2492 turns).

Ratboiler the Cudgeler (Ogre Artificer)             Turns: 2492, Time: 00:05:27

HP   0/41        AC  3     Str 16      XL: 4   Next: 62%
MP   5/5         EV 10     Int 11      God:
Gold 100         SH  0     Dex 11      Spells:  0 memorised,  3 levels left

rFire  . . .     SeeInvis .     a - +1 club
rCold  . . .     Clarity  .     e - +0 robe
rNeg   . . .     rCorr    .     (shield restricted)
rPois  .         rRot     .     (helmet restricted)
rElec  .         Spirit   .     (no cloak)
SustAb .         Warding  .     (gloves unavailable)
rMut   .         Stasis   .     (boots unavailable)
Gourm  .                        (no amulet)
MR     .....                    (no ring)
                                (no ring)

@: lethally poisoned, flying, not resistant to hostile enchantments, very
unstealthy
A: unfitting armour, mutation resistance 1, tough skin 1
a: no special abilities


You were on level 2 of the Dungeon.
You were not hungry.

You visited 1 branch of the dungeon, and saw 2 of its levels.

You collected 100 gold pieces.

Inventory:

Hand weapons
 a - a +1 club (weapon)
Missiles
 p - 14 silver sling bullets
Armour
 e - a +0 robe (worn)
Magical devices
 b - a wand of flame (13)
 c - a wand of enslavement (14)
 d - a wand of random effects (15)
Comestibles
 f - a meat ration
 k - 3 bread rations
 n - a chunk of worm flesh
Scrolls
 i - 2 scrolls of remove curse {unknown}
 l - a scroll of teleportation {unknown}
 m - a scroll of identify {unknown}
 o - a scroll of recharging {unknown}
Potions
 g - 2 potions of flight
 j - a potion of restore abilities


   Skills:
 - Level 1.3 Fighting
 * Level 4.4 Maces & Flails
 + Level 3.0 Dodging
 - Level 0.7 Stealth
 - Level 2.4 Evocations


You had 3 spell levels left.
You didn't know any spells.

Dungeon Overview and Level Annotations

Branches:
Dungeon (2/15)

Altars:


Innate Abilities, Weirdness & Mutations

You are too large for most types of armour.
You have tough skin (AC +1).
You are somewhat resistant to further mutation.


Message History

* * * LOW HITPOINT WARNING * * *
You feel sick.
Drink which item? (? for menu, Esc to quit)
You feel very buoyant.
You fly up into the air.
It was a potion of flight.
* * * LOW HITPOINT WARNING * * *
You feel sick.
Drink which item? (? for menu, Esc to quit)
You feel refreshed.
It was a potion of restore abilities.
* * * LOW HITPOINT WARNING * * *
You feel sick.
Drink which item? (? for menu, Esc to quit)
You feel extremely strange.
You feel genetically stable.
It was a potion of mutation.
* * * LOW HITPOINT WARNING * * *
You feel sick.
Drink which item? (? for menu, Esc to quit)
Okay, then.
You die...

.S.## #....# )b..##
#....# .<..># ##....#
.....# #.....# .....##
#######.....# ......)
####...........#
.......##....####.#....#
......###.#### #..######
......##..# #@##
.........## #.#
.........# #w#
.........# #.#
.........# ##.#
.........# ###..#
.........# #....#
#...##.### #....#
#..###.# #....#


You could see a friendly worm.

Vanquished Creatures
  4 adders (D:2)
  A worm (D:2)
  A giant gecko (D:1)
  An ooze (D:2)
  2 ball pythons (D:1)
  4 bats
  4 hobgoblins
  8 jackals (D:1)
  3 kobolds (D:1)
  A quokka (D:1)
  2 giant cockroaches (D:1)
  5 giant newts (D:1)
  8 goblins
  12 rats
56 creatures vanquished.

Notes
Turn   | Place    | Note
--------------------------------------------------------------
     0 | D:1      | Ratboiler, the Ogre Artificer, began the quest for the Orb.
     0 | D:1      | Reached XP level 1. HP: 19/19 MP: 1/1
   308 | D:1      | Reached XP level 2. HP: 25/27 MP: 2/2
   747 | D:1      | Reached skill level 3 in Maces & Flails
   924 | D:1      | Reached XP level 3. HP: 23/33 MP: 4/4
  1951 | D:2      | Reached XP level 4. HP: 37/41 MP: 5/5
  2090 | D:2      | Reached skill level 4 in Maces & Flails
  2489 | D:2      | HP: 2/41 [poisoned by an adder]
  2490 | D:2      | Gained mutation: You are somewhat resistant to further mutation. [potion of mutation]
  2492 | D:2      | Succumbed to an adder's poison

Action                   |  1- 3 |  4- 6 || total
-------------------------+-------+-------++-------
Melee: Club              |   196 |    57 ||   253
Evoke: Wand              |       |     3 ||     3
  Use: Potion            |       |     3 ||     3
 Stab: Sleeping          |     2 |       ||     2
       Confused          |     1 |       ||     1
  Eat: Chunk             |     4 |     1 ||     5
